 Dungeon Crawl Stone Soup version 0.31-a0-165-g3f4f80340b (webtiles) character file.

Game seed: 1350184198409564400

123 qw the Shooter (level 5, -7/32 HPs)
             Began as a Gargoyle Hunter on June 13, 2023.
             Killed from afar by an orc wizard (10 damage)
             ... with a puff of flame
             ... on level 3 of the Dungeon.
             The game lasted 00:00:52 (1436 turns).

qw the Shooter (Gargoyle Hunter)                    Turns: 1436, Time: 00:00:52

Health: -7/32      AC: 11    Str: 14    XL:     5   Next: 7%
Magic:  5/5        EV: 11    Int: 10    God:
Gold:   75         SH:  0    Dex: 15    Spells: 4/4 levels left

rFire   . . .        Y - +0 shortbow
rCold   . . .        (shield currently unavailable)
rNeg    + . .        e - +0 ring mail
rPois   inf          (no helmet)
rElec   +            (no cloak)
rCorr   .            (no gloves)
SInv    .            d - +1 pair of boots
Will    .....        a - amulet of faith
Stlth   +            (no ring)
HPRegen 0.25/turn    (no ring)
MPRegen 0.09/turn

%: faith
@: no status effects
A: sickness immunity, AC +4, negative energy resistance 1, electricity
resistance, torment resistance 1, petrification resistance
a: no special abilities


You were on level 3 of the Dungeon.
You visited 1 branch of the dungeon, and saw 3 of its levels.

You collected 75 gold pieces.


Innate Abilities, Weirdness & Mutations

You are immune to sickness and miasma.
Your stone body is resilient. (AC +4)
You are immune to poison.
You resist negative energy. (rN+)
You are resistant to electric shocks. (rElec)
You are resistant to unholy torment.
You are immune to petrification.


   Skills:
 - Level 3.0 Fighting
 + Level 5.6 Ranged Weapons
 - Level 1.4 Armour
 - Level 1.5 Dodging
 - Level 1.1 Stealth


You had 4 spell levels left.
You didn't know any spells.
Your spell library was empty.

Inventory:

Hand Weapons
 Y - a +0 shortbow (weapon)
Armour
 d - a +1 pair of boots (worn)
 e - a +0 ring mail (worn)
Jewellery
 a - an amulet of faith (around neck)
 f - an amulet of regeneration
Scrolls
 c - a scroll of identify
 g - a scroll of fear {unknown}
Potions
 b - a potion of resistance
 h - a potion of haste {unknown}

Dungeon Overview and Level Annotations

Branches:
Dungeon (3/15)

Altars:
The Shining One


Message History

The orc priest begins to cast a cantrip, but forgets the words!
The rat bites you.
You shoot an arrow.
The arrow closely misses the orc priest.
The orc priest hits you but does no damage.
The rat barely misses you.
You shoot an arrow. The arrow hits the orc priest.
The orc priest is heavily wounded.
The rat bites you but does no damage. The orc priest closely misses you.
Something hits you but does no damage.
You shoot an arrow.
The arrow hits the orc priest but does no damage.
The orc priest is heavily wounded.
The orc priest casts a cantrip, but nothing happens.
The rat bites you. Something hits you but does no damage.
The rat closely misses you. Something hits you but does no damage.
The orc priest closely misses you.
You shoot an arrow. The arrow hits the orc priest.
The orc priest is almost dead.
The orc priest hits you with a +0 hand axe.
Something hits you but does no damage. The rat closely misses you.
You shoot an arrow.
The arrow closely misses the orc priest.
The orc priest barely misses you. The rat bites you but does no damage.
You hear some strange, mumbled words.
A magic dart appears from out of thin air!
The magic dart hits you.
You shoot an arrow.
The arrow hits the orc priest but does no damage.
The orc priest is severely wounded.
The orc priest mumbles some strange prayers to Beogh against you.
Beogh smites you! The rat bites you but does no damage.
Something hits you but does no damage.
You shoot an arrow. The arrow hits the orc priest.
The orc priest is almost dead.
The orc priest hits you with a +0 hand axe.
You hear some strange, mumbled words.
A puff of flame appears from out of thin air!
The puff of flame hits you!
You die...

.......##...###..
..#.#................o
..._.................o
#.#.#...#..........).
#.#..................
#.................#.#..#.##
.......#....##....#.#.....
................r{.....#.#
#.....##.#%.....@o..#..#.#
#.....##.#................
....:..................#.#
#.....#####.##....#....#.#
#.....# #.##......../#.#######
#....)#####.###.#.##............
................................
#...#.#####.###.#.##..##.#######
#...#.# #.# #.#.##..##.#


You could see an orc priest and a rat.

Vanquished Creatures
  An orc wizard (D:3)
  3 adders
  A dart slug (D:3)
  An orc (D:3)
  5 bats
  6 endoplasms
  4 giant cockroaches
  8 hobgoblins
  4 jackals (D:1)
  5 quokkas
  4 ball pythons
  3 frilled lizards
  6 goblins
  7 kobolds
  8 rats
66 creatures vanquished.

Notes
Turn   | Place    | Note
-------+----------+-------------------------------------------
     0 | D:1      | qw the Gargoyle Hunter began the quest for the Orb.
     0 | D:1      | Reached XP level 1. HP: 12/12 MP: 1/1
     0 | D:1      | 0 ||| qw: Version: 0.2-a-29-gc1b59c4
     0 | D:1      | 0 ||| qw: Game counter: 4635
     0 | D:1      | 0 ||| qw: Always use a shield: true
     0 | D:1      | 0 ||| qw: God list: Okawaru
     0 | D:1      | 0 ||| qw: Allow faded altars: false
     0 | D:1      | 0 ||| qw: Do Orc after D:15 true
     0 | D:1      | 0 ||| qw: Do second Lair branch before Depths: true
     0 | D:1      | 0 ||| qw: Lair rune preference: random
     0 | D:1      | 0 ||| qw: Plans: Normal, Zot:1-4, Slime:5, God:TSO, Crypt,
                  | Tomb, Abyss, Pan, Hells, Win
     0 | D:1      | 0 ||| PLANNING D:1-11
    40 | D:1      | Reached XP level 2. HP: 17/17 MP: 2/2
   190 | D:1      | Reached XP level 3. HP: 21/21 MP: 3/3
   193 | D:1      | Reached skill level 5 in Ranged Weapons
   595 | D:1      | 595 ||| UPGRADING to +0 ring mail.
   605 | D:1      | 605 ||| DROPPING +0 leather armour.
   606 | D:1      | 606 ||| READING scroll labelled BUYCIS PEIPUSO.
   607 | D:1      | 607 ||| READING scroll labelled FURRIA OMURUK.
   608 | D:1      | 608 ||| READING scroll labelled ULYZEKKEST.
   609 | D:1      | 609 ||| DROPPING scroll of butterflies.
   702 | D:2      | Reached skill level 1 in Armour
   702 | D:2      | Reached XP level 4. HP: 21/27 MP: 4/4
   800 | D:2      | Reached skill level 3 in Fighting
  1122 | D:2      | 1122 ||| UPGRADING to +1 pair of boots.
  1127 | D:2      | 1127 ||| UPGRADING to amulet of faith.
  1132 | D:2      | 1132 ||| READING scroll labelled HYEHOA ZERYSUZAL.
  1133 | D:2      | 1133 ||| READING scroll labelled TEETSIQ JALUJ.
  1138 | D:2      | 1138 ||| READING 2 scrolls of identify.
  1138 | D:2      | 1138 ||| IDENTIFYING bubbling silvery potion
  1224 | D:3      | Found a glowing golden altar of the Shining One.
  1415 | D:3      | 1415 ||| Stepping ~*~*~tactically~*~*~ (outnumbered).
  1426 | D:3      | Reached XP level 5. HP: 25/32 MP: 5/5
  1435 | D:3      | HP: 8/32 [orc priest/divine providence (8)]
  1436 | D:3      | HP: 3/32 [orc priest/+0 hand axe (6)]
  1436 | D:3      | Killed from afar by an orc wizard

Levels and vault maps discovered:
D:1:      ncdulo_lavacross, layout_basic
D:2:      layout_rooms
D:3:      layout_basic, lemuel_crystal_altar, mainiacjoe_overflow_chevrons,
          hellmonk_ecumenical_altar_zigzags

Skill      XL: |  1  2  3  4 |
---------------+-------------+-----
Ranged Weapons | 5 |  5.6
Armour         | 1 |  1.4
Fighting       | 3 |  3.0
Dodging        | |  1.5
Stealth        | |  1.1

Action                     |  1- 3 |  4- 6 || total
---------------------------+-------+-------++-------
   Fire: Shortbow          |   146 |    83 ||   229
    Use: Scroll            |     3 |     3 ||     6
 Armour: Leather armour    |    34 |       ||    34
         Ring mail         |     6 |    30 ||    36
  Dodge: Dodged            |    76 |    35 ||   111

Table legend:
 A = Non-vault XP
 B = Vault XP
 C = Vault XP percentage of total XP
 D = Non-vault monster count
 E = Vault monster count
 F = Vault count percentage of total count
                 A         B        C        D         E       F
            +---------+---------+-------+---------+---------+-------
      Total |     177 |       0 |   0.0 |      66 |       0 |   0.0
            +---------+---------+-------+---------+---------+-------
        D:1 |      57 |       0 |   0.0 |      35 |       0 |   0.0
        D:2 |      51 |       0 |   0.0 |      18 |       0 |   0.0
        D:3 |      69 |       0 |   0.0 |      13 |       0 |   0.0
            +---------+---------+-------+---------+---------+-------
